 Dungeon Crawl Stone Soup version 0.15-a0-1646-g393eda0 (webtiles) character file.

7671 Yolobear the Grappler (level 10, -10/101 (102) HPs)
             Began as a Troll Chaos Knight on June 21, 2014.
             Was a Plaything of Xom.
             Mangled by a seven-headed hydra (12 damage)
             ... on Level 1 of the Lair of Beasts on June 22, 2014.
             The game lasted 00:48:59 (10168 turns).

Yolobear the Grappler (Troll Chaos Knight)         Turns: 10168, Time: 00:49:00

HP -10/101 (102) AC  7     Str 19 (20) XL: 10   Next: 99%
MP   3/3         EV 19     Int  7 (8)  God: Xom
Gold 686         SH  0     Dex 17      Spells:  0 memorised,  9 levels left

rFire  . . .     SeeInvis .       - Unarmed
rCold  . . .     Clarity  .     b - +2 robe
rNeg   . . .     rCorr    .     (shield restricted)
rPois  .         rRot     .     (helmet restricted)
rElec  .         Spirit   .     (no cloak)
SustAb .         Warding  .     (gloves unavailable)
rMut   .         Stasis   .     (boots unavailable)
Gourm  +                        v - amulet of faith
MR     .....                    H - cursed ring of loudness
                                r - ring of stealth

@: agile, not resistant to hostile enchantments, fairly stealthy
A: unfitting armour, claws 3, icy blue scales 1, deformed body, deterioration 1,
fast metabolism 3, gourmand, low mp 1, regeneration 2, saprovore 2, shaggy fur
1, tough skin 2, weak 1
a: Renounce Religion


You were on level 1 of the Lair of Beasts.
You worshipped Xom.
You were a plaything of Xom.
You were full.

You visited 2 branches of the dungeon, and saw 10 of its levels.

You collected 686 gold pieces.

Inventory:

Hand weapons
 x - the +9 quarterstaff "Funol" {elec, rC+, unknown}
   (You found it on level 5 of the Dungeon)

   Occasionally, upon striking a foe, it will discharge some electrical energy
   and cause terrible harm.
   It protects you from cold.
Missiles
 n - 20 tomahawks (quivered)
 E - 13 stones
 G - 2 throwing nets
Armour
 b - a +2 robe (worn)
 y - a +0 cloak
 z - a +0 cloak
Magical devices
 i - a wand of frost (13)
 u - a wand of polymorph (16)
 C - a wand of lightning (0)
 D - a wand of slowing (9) {unknown}
 M - a wand of disintegration (16) {unknown}
 S - a wand of magic darts (7)
Comestibles
 a - 7 meat rations
 c - a royal jelly
 m - 10 bread rations
 o - 20 fruits
 B - 11 slices of pizza
 K - 4 beef jerkies
Scrolls
 d - 3 scrolls of enchant armour {unknown}
 e - 3 scrolls of fog
 f - 3 scrolls of random uselessness {unknown}
 g - 6 scrolls of identify
 k - 4 scrolls of remove curse
 p - 4 scrolls of teleportation {unknown}
 q - 3 scrolls of enchant weapon
 s - 2 scrolls of noise {unknown}
 t - a scroll of magic mapping {unknown}
 A - a scroll of immolation {unknown}
 N - a scroll of recharging {unknown}
 Q - a scroll of blinking {unknown}
Jewellery
 l - a cursed ring of magical power
 r - a ring of stealth (left claw)
 v - an amulet of faith (around neck)
 F - a +1 ring of protection
 H - a cursed ring of loudness (right claw)
 L - a +4 ring of strength
Potions
 h - 4 potions of curing
 j - a potion of restore abilities
 I - a potion of invisibility {unknown}
 J - 2 potions of haste
 P - 2 potions of poison {unknown}
 R - 2 potions of mutation {unknown}
 T - a potion of heal wounds {unknown}
Books
 w - a book of Spatial Translocations

   Spells                             Type                      Level
   Apportation                        Translocation                1
   Blink                              Translocation                2
   Shroud of Golubria                 Charms/Translocation         2
   Portal Projectile                  Translocation                3
   Teleport Other                     Translocation                3
   Passage of Golubria                Translocation                4
 O - a book of Changes

   Spells                             Type                      Level
   Beastly Appendage                  Transmutation                1
   Sticks to Snakes                   Transmutation                2
   Spider Form                        Transmutation/Poison         3
   Ice Form                           Ice/Transmutation            4
   Blade Hands                        Transmutation                5


   Skills:
 + Level 7.6 Fighting
 + Level 7.3 Dodging
 * Level 12.2 Unarmed Combat


You had 9 spell levels left.
You didn't know any spells.

Dungeon Overview and Level Annotations

Branches:
Dungeon (9/15)             Temple (0/1) D:7             Orc (0/4) D:9
   Lair (1/8) D:9

Altars:
Ashenzari
Elyvilon
Fedhas
Kikubaaqudgha
Makhleb
Nemelex Xobeh
Sif Muna
Trog
Vehumet
Yredelemnul
The Shining One

Shops:
D:6 (   D:8 (%(

Annotations:
D:2 exclusion: oklob plant


Innate Abilities, Weirdness & Mutations

You are too large for most types of armour.
You have claws for hands.
Your metabolism is lightning-fast.
You like to eat raw meat.
You heal very quickly.
You can eat rotten meat.
You are covered in fur (AC +1).
You have very tough skin (AC +2).
You are partially covered in icy blue scales (AC +1).
Armour fits poorly on your strangely shaped body.
Your body is slowly deteriorating.
Your magical capacity is low (-10% MP).
You are weak. (Str -2)


Message History

The five-headed hydra bites you but does no damage.
The five-headed hydra barely misses you.
The five-headed hydra bites you!
* * * LOW HITPOINT WARNING * * *
You tear one of the five-headed hydra's heads off!
The four-headed hydra grows two more!
You scratch the six-headed hydra.
The six-headed hydra is lightly wounded.
The six-headed hydra closely misses you.
The six-headed hydra misses you.
The six-headed hydra closely misses you. x2
The six-headed hydra bites you but does no damage. x2
You claw one of the six-headed hydra's heads off!
The five-headed hydra grows two more!
You mangle the seven-headed hydra!!
The seven-headed hydra is moderately wounded.
The seven-headed hydra barely misses you.
The seven-headed hydra bites you.
* * * LOW HITPOINT WARNING * * *
The seven-headed hydra bites you!
You die...
Xom laughs nastily!

#....[.##
##.....
##......#
##.###
#....####
###
##.....#
#......##
#.......#
#......##
#...D..#
#...@..#
########


You could see a seven-headed hydra (bleeding).

Vanquished Creatures
  Pikel (D:4)
  A guardian serpent (D:9)
  2 spiny frogs (Lair:1)
  A komodo dragon (Lair:1)
  Eustachio (D:6)
  A human (D:8)
  4 sharks (D:8)
  A hungry ghost (D:7)
  A hog (D:8)
  A hippogriff (D:7)
  Menkaure (D:4)
  A water moccasin (Lair:1)
  A black bear (D:9)
  5 ice beasts
  7 orc warriors
  A phantom (D:9)
  2 ogres
  4 centaurs
  Duvessa (D:4)
  A crocodile (D:8)
  4 giant frogs
  2 scorpions
  3 killer bees (D:9)
  A yak skeleton (D:7)
  7 wights
  Dowan (D:4)
  3 crimson imps (D:5)
  2 jellies
  2 giant frog zombies
  A goliath beetle (D:6)
  2 big fish (D:2)
  2 hounds (D:7)
  Crazy Yiuf (D:3)
  6 orc priests
  A giant frog skeleton (D:5)
  Natasha (thrice) (D:4)
  10 orc wizards
  8 worker ants
  3 sheep (D:8)
  A sky beast zombie (D:5)
  Ijyb (D:4)
  Jessica (D:3)
  4 green rats (D:6)
  6 gnolls
  12 adders
  2 shadow imps
  2 giant mites
  An inept feature mimic (D:8)
  8 worms
  5 giant geckos
  An ooze (D:3)
  43 orcs
  A ball python (D:5)
  9 bats
  23 hobgoblins
  6 quokkas
  A ball python zombie (D:6)
  5 giant cockroaches
  2 giant newts
  A giant spore (D:6)
  13 goblins
  A hobgoblin skeleton (D:5)
  9 jackals
  25 kobolds
  A quokka skeleton (D:4)
  36 rats
  A rat zombie (D:5)
  2 ballistomycetes
  2 fungi (D:2)
  5 toadstools (D:2)
330 creatures vanquished.

Vanquished Creatures (collateral kills)
  An orc warrior (D:9)
  A goliath beetle (D:7)
  A hobgoblin (D:7)
3 creatures vanquished.

Vanquished Creatures (others)
  The ghost of dhhex the Magician, an average DEWz (D:5)
  A shadow imp (Lair:1)
  A giant spore (D:9)
  8 toadstools (D:2)
11 creatures vanquished.

Grand Total: 344 creatures vanquished

Notes
Turn   | Place    | Note
--------------------------------------------------------------
     0 | D:1      | Yolobear, the Troll Chaos Knight, began the quest for the Orb.
     0 | D:1      | Reached XP level 1. HP: 22/22 MP: 1/1
    12 | D:1      | XOM: divination: magic mapping
   223 | D:1      | Reached XP level 2. HP: 29/29 MP: 1/1
   649 | D:2      | Found a blossoming altar of Fedhas.
   661 | D:2      | Reached XP level 3. HP: 29/36 MP: 2/2
   661 | D:2      | XOM: potion effect (heal wounds)
   674 | D:2      | Reached skill level 4 in Unarmed Combat
   674 | D:2      | Reached XP level 4. HP: 38/45 MP: 2/2
   713 | D:2      | Noticed an oklob plant
   857 | D:2      | XOM: noise
   977 | D:2      | Found a radiant altar of Vehumet.
  1033 | D:2      | XOM: mild Chrm miscast
  1036 | D:2      | Found a basalt altar of Yredelemnul.
  1130 | D:2      | Found a bloodstained altar of Trog.
  1155 | D:2      | XOM: silly message
  1432 | D:3      | Reached XP level 5. HP: 47/53 MP: 2/2
  1518 | D:3      | Noticed Crazy Yiuf
  1528 | D:3      | Killed Crazy Yiuf
  1730 | D:3      | Reached skill level 5 in Unarmed Combat
  1747 | D:3      | Noticed Jessica
  1772 | D:3      | Killed Jessica
  1772 | D:3      | Reached XP level 6. HP: 39/61 MP: 3/3
  1800 | D:3      | XOM: confuse monster(s)
  1836 | D:3      | XOM: noise
  1863 | D:3      | XOM is BORED!
  1863 | D:3      | XOM: summons 2 hostile shadow creatures
  2039 | D:3      | XOM: summons 3 hostile demons
  2040 | D:3      | Noticed an iron devil
  2250 | D:4      | Noticed Ijyb
  2260 | D:4      | Killed Ijyb
  2270 | D:4      | XOM: colour smoke trail
  2296 | D:4      | Found a burning altar of Makhleb.
  2298 | D:4      | Noticed an Executioner
  2313 | D:4      | Noticed Natasha
  2323 | D:4      | Killed Natasha
  2480 | D:4      | Noticed Menkaure
  2489 | D:5      | Entered Level 5 of the Dungeon
  2584 | D:5      | XOM: torment (31/62 hp)
  2649 | D:5      | XOM: enchant monster (bad)
  2654 | D:5      | XOM: enchant monster (bad)
  2662 | D:5      | XOM: harmless Conj miscast
  2665 | D:5      | Reached skill level 6 in Unarmed Combat
  2665 | D:5      | Reached XP level 7. HP: 36/70 MP: 3/3
  2743 | D:5      | XOM: harmless Ice miscast
  2820 | D:5      | Found a sparkling altar of Nemelex Xobeh.
  2839 | D:5      | XOM: confusion
  2894 | D:5      | Got a polished quarterstaff
  3108 | D:5      | XOM: confusion
  3280 | D:4      | Noticed Natasha
  3286 | D:4      | Killed Natasha
  3378 | D:4      | Noticed Natasha
  3383 | D:4      | Killed Natasha
  3583 | D:4      | Killed Menkaure
  3583 | D:4      | Reached skill level 7 in Unarmed Combat
  3583 | D:4      | Reached XP level 8. HP: 79/79 MP: 3/3
  3645 | D:4      | XOM: harmless Pois miscast
  3883 | D:4      | Noticed Pikel
  3899 | D:4      | Killed Pikel
  3899 | D:4      | Reached skill level 5 in Fighting
  3899 | D:4      | Reached skill level 8 in Unarmed Combat
  4036 | D:4      | XOM: medium Erth miscast
  4049 | D:4      | Noticed Duvessa
  4049 | D:4      | Noticed Dowan
  4063 | D:4      | XOM: enchant monster (bad)
  4070 | D:4      | HP: 4/80 [Duvessa/short sword (9)]
  4072 | D:4      | XOM: fake destruction
  4075 | D:4      | HP: 1/80 [Duvessa/short sword (12)]
  4076 | D:4      | Killed Duvessa
  4082 | D:4      | Killed Dowan
  4279 | D:4      | XOM: give mutations
  4279 | D:4      | Gained mutation: You are frail (-10% HP). [Xom's mischief]
  4279 | D:4      | Gained mutation: You are dopey. (Int -2) [Xom's mischief]
  4342 | D:4      | XOM: colour smoke trail
  4494 | D:5      | Found a deep blue altar of Sif Muna.
  4554 | D:5      | Noticed dhhex's ghost (average DEWz)
  4556 | D:5      | XOM: noise
  4557 | D:5      | Killed dhhex's ghost
  4557 | D:5      | Reached skill level 5 in Dodging
  4557 | D:5      | XOM: divine lightning (protected)
  4559 | D:5      | XOM: enchant monster (good)
  4882 | D:6      | Reached XP level 9. HP: 79/79 MP: 4/4
  5019 | D:6      | Reached skill level 9 in Unarmed Combat
  5236 | D:6      | XOM: 1-stop teleportation journey
  5242 | D:6      | Noticed Eustachio
  5267 | D:6      | Killed Eustachio
  5304 | D:6      | XOM: give mutations
  5304 | D:6      | Gained mutation: Armour fits poorly on your strangely shaped body. [Xom's mischief]
  5304 | D:6      | Lost mutation: You are frail (-10% HP). [Xom's mischief]
  5304 | D:6      | Gained mutation: You occasionally shout uncontrollably at your foes. [Xom's mischief]
  5384 | D:6      | Found a white marble altar of Elyvilon.
  5406 | D:6      | Found Pluddau's Weapon Emporium.
  5581 | D:6      | XOM: cast spell 'Beastly Appendage'
  5737 | D:6      | XOM: noise
  5886 | D:6      | XOM: colour smoke trail
  6344 | D:7      | XOM: divination: magic mapping
  6496 | D:7      | XOM: vitrification
  6510 | D:7      | XOM: cast spell 'Summon Small Mammal'
  6511 | D:7      | XOM: 1-stop teleportation journey
  6631 | D:7      | Reached skill level 10 in Unarmed Combat
  6716 | D:7      | Found a staircase to the Ecumenical Temple.
  6823 | D:7      | XOM: blink monster(s)
  6830 | D:7      | XOM: summons 2 friendly demons
  7004 | D:8      | XOM: silly message
  7062 | D:8      | Found Crin's Antique Weapon Boutique.
  7067 | D:8      | XOM: harmless Divn miscast
  7119 | D:8      | Found Zuf Teal's Antique Weapon Boutique.
  7375 | D:8      | XOM: noise
  7377 | D:8      | Reached XP level 10. HP: 70/100 MP: 4/4
  7387 | D:8      | XOM: 1-stop teleportation journey
  7597 | D:8      | XOM: enchant monster (bad)
  7653 | D:8      | XOM: give mutation
  7653 | D:8      | Lost mutation: You are dopey. (Int -2) [Xom's mischief]
  7678 | D:8      | XOM: mild Necr miscast
  7727 | D:8      | Reached skill level 11 in Unarmed Combat
  8144 | D:8      | Found Pludgha's Food Shop.
  8152 | D:8      | XOM: give mutations
  8152 | D:8      | Lost mutation: You occasionally shout uncontrollably at your foes. [Xom's mischief]
  8152 | D:8      | Gained mutation: Your magical capacity is low (-10% MP). [Xom's mischief]
  8312 | D:8      | XOM: give mutations
  8312 | D:8      | Gained mutation: You are weak. (Str -2) [Xom's mischief]
  8312 | D:8      | Gained mutation: You are partially covered in icy blue scales (AC +1). [Xom's mischief]
  8351 | D:8      | XOM: medium Chrm miscast
  8455 | D:8      | XOM: harmless Divn miscast
  8465 | D:8      | XOM: harmless Trmt miscast
  8670 | D:9      | Found an ancient bone altar of Kikubaaqudgha.
  8707 | D:9      | Found a staircase to the Lair.
  8730 | D:9      | Noticed a guardian serpent
  8733 | D:9      | Killed a guardian serpent
  8813 | D:9      | Found a glowing golden altar of the Shining One.
  8868 | D:9      | Found a shattered altar of Ashenzari.
  8923 | D:9      | XOM: give mutation
  8923 | D:9      | Gained mutation: Your body is slowly deteriorating. [Xom's mischief]
  9079 | D:9      | XOM: mild Trmt miscast
  9151 | D:9      | XOM: silly message
  9154 | D:9      | XOM: enchant monster (bad)
  9169 | D:9      | XOM: enchant monster (bad)
  9174 | D:9      | XOM: confuse monster(s)
  9279 | D:9      | XOM: blink monster(s)
  9294 | D:9      | XOM: confusion (+ monsters)
  9312 | D:9      | XOM: chaos upgrade
  9330 | D:9      | HP: 3/101 [orc warrior/ tomahawk (13)]
  9494 | D:9      | XOM: noise
  9539 | D:9      | Found a staircase to the Orcish Mines.
  9660 | D:9      | XOM: cast spell 'Ice Form'
  9764 | Lair:1   | Entered Level 1 of the Lair of Beasts
  9825 | Lair:1   | XOM: mild Summ miscast
  9929 | Lair:1   | XOM: divination: magic mapping
  9997 | Lair:1   | XOM: potion effect (brilliance)
 10005 | Lair:1   | XOM: summons friendly shadow imp
 10008 | Lair:1   | Reached skill level 12 in Unarmed Combat
 10107 | Lair:1   | Noticed a four-headed hydra
 10111 | Lair:1   | XOM: harmless Pois miscast
 10118 | Lair:1   | XOM: blink monster(s)
 10119 | Lair:1   | XOM: destruction
 10120 | Lair:1   | XOM: potion effect (agility)
 10132 | Lair:1   | XOM: mild Conj miscast
 10166 | Lair:1   | HP: 5/101 [five-headed hydra (10)]
 10168 | Lair:1   | HP: 2/101 [seven-headed hydra (4)]
 10168 | Lair:1   | Mangled by a seven-headed hydra

Action                   |  1- 3 |  4- 6 |  7- 9 | 10-12 || total
-------------------------+-------+-------+-------+-------++-------
Melee: Unarmed           |    64 |   266 |   438 |   237 ||  1005
Throw: Tomahawk          |       |       |     1 |       ||     1
Evoke: Wand              |       |       |       |     7 ||     7
  Use: Scroll            |       |       |     7 |       ||     7
       Potion            |       |       |    13 |     1 ||    14
 Stab: Paralysed         |       |       |     1 |       ||     1
       Sleeping          |       |       |     5 |     1 ||     6
       Distracted        |       |       |     1 |       ||     1
